 Dungeon Crawl Stone Soup version 0.29.1-15-g9cfb28693d (webtiles) character file.

Game seed: 13066739771885055901

42 hawla the Chiller (level 4, -16/34 HPs)
             Began as a Meteoran Ice Elementalist on Feb 22, 2023.
             Demolished by Crazy Yiuf
             ... wielding a +2 quarterstaff of chaos
              (17 damage)
             ... on level 3 of the Dungeon.
             The game lasted 00:03:18 (465 turns).

hawla the Chiller (Meteoran Ice Elementalist)        Turns: 465, Time: 00:03:19

Health: -16/34     AC:  2    Str:  9    XL:     4   Next: 5%
Magic:  5/10       EV: 12    Int: 19    God:
Gold:   77         SH:  0    Dex: 14    Spells: 4/10 levels left

rFire   . . .      SeeInvis .   (no weapon)
rCold   . . .      Faith    .   (no shield)
rNeg    . . .      Spirit   .   a - +0 robe
rPois   .          Reflect  .   (no helmet)
rElec   .          Harm     .   (no cloak)
rCorr   .          Rampage  .   (no gloves)
Will    +....                   (no boots)
Stlth   +.........              g - amulet of magic regeneration
HPRegen 0.11/turn               h - ring of willpower
MPRegen 0.52/turn               j - ring of wizardry

@: brilliant, freezing walls, glowing
A: sense surroundings 1, otherworldly, glowing, explore regen
a: no special abilities


You were on level 3 of the Dungeon.
You visited 1 branch of the dungeon, and saw 3 of its levels.

You collected 77 gold pieces.

Inventory:

Armour
 a - a +0 robe (worn)
Jewellery
 g - an amulet of magic regeneration (around neck)
 h - a ring of willpower (left hand)
 j - a ring of wizardry (right hand)
Wands
 f - a wand of digging (5)
Scrolls
 e - 2 scrolls of identify {unknown}
Potions
 b - a potion of magic
 c - a potion of degeneration {unknown}
 i - a potion of heal wounds {unknown}


   Skills:
 + Level 0.4 Fighting
 + Level 2.5 Dodging
 - Level 1.4 Stealth
 + Level 3.5 Spellcasting
 + Level 5.1 Ice Magic


You had 4 spell levels left.
You knew the following spells:

 Your Spells              Type           Power      Damage    Failure   Level
a - Freeze                Ice            100%       1d11      1%          1
b - Frozen Ramparts       Ice            68%        1d11      2%          3
c - Searing Ray           Conj           10%        2d4       9%          2

Your spell library contained the following spells:

 Spells                   Type           Power      Damage    Failure   Level
 Ozocubu's Armour         Ice            34%        N/A       2%          3
 Magic Dart               Conj           20%        1d4       6%          1
 Hailstorm                Conj/Ice       19%        3d6       21%         4
 Fulminant Prism          Conj/Hex       2%         3d6       47%         4


Dungeon Overview and Level Annotations

Branches:
Dungeon (3/15) Zot: 1335

Altars:

Annotations:
D:3 Crazy Yiuf


Innate Abilities, Weirdness & Mutations

You passively map a small area around you.
You are easily found by Zot.
You glow in the dark.
You regain HP and MP as you explore.


Message History

Aiming: Searing Ray (safe; 9% risk of failure)
Press: ? - help, Shift-Dir - straight line, f - Crazy Yiuf
Aim: Crazy Yiuf, wielding a +2 quarterstaff of chaos and wearing a +0 cloak (lightly wounded, 77% to hit)
The searing ray misses Crazy Yiuf. (Press . to maintain the ray.)
The wall freezes Crazy Yiuf.
Crazy Yiuf hits you with a +2 quarterstaff of chaos!
Crazy Yiuf burns you.
The searing ray hits Crazy Yiuf.
Crazy Yiuf is heavily wounded.
The wall freezes Crazy Yiuf!
Crazy Yiuf says, "Earwax!"
Crazy Yiuf hits you with a +2 quarterstaff of chaos!
* * * LOW HITPOINT WARNING * * *
Crazy Yiuf draws strength from your wounds!
Casting: Searing Ray (safe; 9% risk of failure)
Confirm with . or Enter, or press ? or * to list all spells.
Aiming: Freeze (safe; 1% risk of failure)
Press: ? - help, Shift-Dir - straight line, f/p - Crazy Yiuf
Aim: Crazy Yiuf, wielding a +2 quarterstaff of chaos and wearing a +0 cloak (moderately wounded)
You freeze Crazy Yiuf.
Crazy Yiuf is heavily wounded.
The wall freezes Crazy Yiuf but does no damage.
Crazy Yiuf misses you.
Casting: Freeze (safe; 1% risk of failure)
Confirm with . or Enter, or press ? or * to list all spells.
Aiming: Freeze (safe; 1% risk of failure)
Press: ? - help, Shift-Dir - straight line, f/p - Crazy Yiuf
Aim: Crazy Yiuf, wielding a +2 quarterstaff of chaos and wearing a +0 cloak (heavily wounded)
You freeze Crazy Yiuf.
Crazy Yiuf is heavily wounded.
The wall freezes Crazy Yiuf but does no damage.
Crazy Yiuf hits you with a +2 quarterstaff of chaos.
* * * LOW HITPOINT WARNING * * *
It was a potion of brilliance.
You feel clever all of a sudden.
The wall freezes Crazy Yiuf.
Crazy Yiuf hits you with a +2 quarterstaff of chaos!
Ouch! That really hurt!
You die...

##..#........#
.......######.##
.##........###
###########....# ..........<#
#.<.....# #####......# #####
#....##.## .# ##.....# #)..#
#...#*#.# .#####.....# #...#
#...# #.# .†.........# ...
#...# #.# )##†.......# *#g#*
#...# #.# ##.........# ♣@♣♣
#...###.# ........#..# ♣♣.♣
#....##.# #...<...##.# ♣.♣♣
#....#..# #...>...##.# ♣♣.♣
#......## ....†..##..# ♣♣.♣♣
#.......# ##.........# ♣♣...♣
##......# #.......#### ♣....♣
##......# #.........## ##..##
#......##
...........####....#####....#


You could see Crazy Yiuf.

Vanquished Creatures
  2 adders (D:3)
  A worm (D:3)
  3 ball pythons (D:3)
  3 bats
  An endoplasm (D:3)
  4 goblins (D:3)
  A hobgoblin (D:3)
  A kobold (D:3)
  A frilled lizard (D:3)
  2 rats (D:3)
19 creatures vanquished.

Notes
Turn   | Place    | Note
-------+----------+-------------------------------------------
     0 | D:1      | hawla the Meteoran Ice Elementalist began the quest for the
                  | Orb.
     0 | D:1      | Reached XP level 1. HP: 14/14 MP: 5/5
    85 | D:1      | Found a faded altar of an unknown god.
   205 | D:3      | Reached XP level 2. HP: 14/20 MP: 2/6
   313 | D:3      | Reached skill level 5 in Ice Magic
   313 | D:3      | Reached XP level 3. HP: 22/26 MP: 5/8
   321 | D:3      | Learned a level 3 spell: Frozen Ramparts
   347 | D:3      | Reached XP level 4. HP: 15/34 MP: 7/10
   354 | D:3      | Learned a level 2 spell: Searing Ray
   455 | D:3      | Found a runed translucent door.
   456 | D:3      | Noticed Crazy Yiuf
   464 | D:3      | HP: 1/34 [Crazy Yiuf/+2 quarterstaff of chaos (6)]
   465 | D:3      | Demolished by Crazy Yiuf

Illustrated notes

Levels and vault maps discovered:
D:1:      denvon_arrival_planthouse, layout_loops_cross, basic_ecumenical_altar,
          nicolae_kite_square_tiling_tiny
D:2:      layout_rooms, basic_altar
D:3:      layout_rooms, serial_glass, glass_columns_a, glass_columns_b,
          uniq_crazy_yiuf_cottage

Skill      XL: |  1  2 |
---------------+-------+-----
Spellcasting   | 3 |  3.5
Ice Magic      | 5 |  5.1
Fighting       | |  0.4
Dodging        | |  2.5
Stealth        | |  1.4

Action                   |  1- 3 |  4- 6 || total
-------------------------+-------+-------++-------
 Cast: Freeze            |    28 |     2 ||    30
       Frozen Ramparts   |     2 |     1 ||     3
       Searing Ray       |       |     2 ||     2
  Use: Scroll            |     1 |       ||     1
       Potion            |       |     1 ||     1
Armor: Robe              |     4 |       ||     4
Dodge: Dodged            |    15 |     2 ||    17
